 Dungeon Crawl Stone Soup version 0.21.0-34-g9234887 (webtiles) character file.

57 pstr the Digger (level 4, -3/36 HPs)
             Began as a Naga Earth Elementalist on Jan 30, 2018.
             Slain by a sky beast (6 damage)
             ... on level 2 of the Dungeon.
             The game lasted 00:04:04 (1831 turns).

pstr the Digger (Naga Earth Elementalist)           Turns: 1831, Time: 00:04:04

Health: -3/36      AC:  2    Str: 10    XL:     4   Next: 0%
Magic:  0/8        EV: 10    Int: 17    God:
Gold:   70         SH:  0    Dex: 11    Spells: 4/8 levels left

rFire    . . .     SeeInvis +   (no weapon)
rCold    . . .     Gourm    .   (no shield)
rNeg     . . .     Faith    .   c - +0 robe
rPois    +         Spirit   .   (no helmet)
rElec    .         Reflect  .   (no cloak)
rCorr    .         Harm     .   (no gloves)
MR       .....                  (no barding)
Stlth    ++........             (no amulet)
HPRegen  0.12/turn              (no ring)
MPRegen  0.11/turn              (no ring)

@: short of breath, very slightly contaminated, very slow
A: large, see invisible, deformed body, poison resistance, slowness 2, slow
metabolism 1, spit poison 1, AC +1
a: Spit Poison


You were on level 2 of the Dungeon.
You were hungry.

You visited 1 branch of the dungeon, and saw 2 of its levels.

You collected 70 gold pieces.

Inventory:

Missiles
 b - 46 stones (quivered)
Armour
 c - a +0 robe (worn)
 i - a +0 leather armour
Jewellery
 a - a cursed ring of loudness {unknown}
 f - an uncursed ring of poison resistance {unknown}
 m - an uncursed ring of resist corrosion {unknown}
Scrolls
 h - 8 scrolls of identify {unknown}
 k - 2 scrolls of teleportation {unknown}
 o - a scroll of blinking {unknown}
 p - 2 scrolls of enchant weapon {unknown}
Potions
 g - 2 potions of flight {unknown}
 j - a potion of haste {unknown}
 l - a potion of agility {unknown}
 n - a potion of curing {unknown}
 q - a potion of might {unknown}
Books
 e - a book of Geomancy

   Spells                             Type                      Level
   a - Sandblast                      Earth                        1
   b - Passwall                       Transmutation/Earth          2
   c - Stone Arrow                    Conjuration/Earth            3
   d - Petrify                        Transmutation/Earth          4
   e - Lee's Rapid Deconstruction     Earth                        5
Comestibles
 d - 3 rations


   Skills:
 + Level 1.7 Dodging
 + Level 3.1 Stealth
 + Level 2.7 Spellcasting
 + Level 0.2 Conjurations
   Level 1.0 Transmutations
 + Level 4.0 Earth Magic


You had 4 spell levels left.
You knew the following spells:

 Your Spells              Type           Power        Failure   Level  Hunger
a - Sandblast             Erth           ###...       3%          1    #......
b - Stone Arrow           Conj/Erth      #.....       22%         3    ###....


Dungeon Overview and Level Annotations

Branches:
Dungeon (2/15)

Altars:
Wu Jian


Innate Abilities, Weirdness & Mutations

You cannot wear boots.
Your serpentine skin is tough. (AC +1)
You have supernaturally acute eyesight. (SInv)
Armour fits poorly on your strangely shaped body.
Your system is resistant to poisons. (rPois)
You cover ground very slowly.
You have a slow metabolism.
You can spit poison.


Message History

The sky beast hits you. The sky beast shocks you.
The sky beast looks more healthy.
There is a stone staircase leading down here.
Casting: Sandblast
Confirm with . or Enter, or press ? or * to list all spells.
Aiming: Sandblast
Press: ? - help, Shift-Dir - straight line, f/p - sky beast
Aim: a sky beast (almost dead, slightly transparent)
The blast of sand misses the sky beast.
b - 46 stones You have got your breath back.
The sky beast hits you. The sky beast shocks you.
* * * LOW HITPOINT WARNING * * *
Press: ? - help, Shift-Dir - straight line, f/p - sky beast
Aim: a sky beast (almost dead, slightly transparent)
The splash of poison misses the sky beast.
You feel slightly more hungry. The sky beast hits you.
* * * LOW HITPOINT WARNING * * *
The sky beast shocks you.
You die...

.....#...#.....####
.......#...##.)....
##....≈#.......###
#.....##.#......#
#[....#≈......#.#
#.....#.......#..
###.#........##
#.##Y......#
##.##@.....)# #
#..##.##.####
#.###.##.#.#.#
#<..)...###..#
####..##.#.###
#..###.## #..# #(#
#..# #.#
#..###.#####


You could see a sky beast (invisible).

Vanquished Creatures
  An ooze (D:1)
  A worm (D:2)
  2 dart slugs
  2 leopard geckos (D:1)
  A ball python (D:1)
  A bat (D:1)
  2 giant cockroaches (D:1)
  10 hobgoblins
  3 jackals (D:1)
  3 kobolds (D:1)
  3 quokkas (D:2)
  A frilled lizard (D:1)
  5 goblins
  2 rats
37 creatures vanquished.

Notes
Turn   | Place    | Note
-------+----------+-------------------------------------------
     0 | D:1      | pstr the Naga Earth Elementalist began the quest for the Orb.
     0 | D:1      | Reached XP level 1. HP: 15/15 MP: 3/3
    70 | D:1      | Reached XP level 2. HP: 21/22 MP: 0/5
   413 | D:1      | Reached XP level 3. HP: 28/28 MP: 3/6
   418 | D:1      | Learned a level 3 spell: Stone Arrow
  1388 | D:2      | Found an ornate altar of the Wu Jian Council.
  1414 | D:2      | Noticed a sky beast
  1669 | D:2      | Reached skill level 4 in Earth Magic
  1785 | D:2      | Reached XP level 4. HP: 31/36 MP: 0/8
  1831 | D:2      | Slain by a sky beast

Skill      XL: |  1  2  3 |
---------------+----------+-----
Earth Magic    | 4 |  4.0
Dodging        | |  1.7
Stealth        | |  3.1
Spellcasting   | |  2.7
Conjurations   | |  0.2
Transmutations | |  1.0

Action                   |  1- 3 |  4- 6 || total
-------------------------+-------+-------++-------
Melee: Unarmed           |     2 |       ||     2
 Cast: Sandblast         |    40 |     6 ||    46
       Stone Arrow       |    10 |       ||    10
 Abil: Spit Poison       |    13 |     3 ||    16
  Eat: Chunk             |     4 |       ||     4
Armor: Robe              |     3 |     2 ||     5
Dodge: Dodged            |    20 |     4 ||    24
